 Dungeon Crawl Stone Soup version 0.28-a0-726-g4a9143789a (webtiles) character file.

Game seed: 12681684076450228998

118 kae the Sneak (level 4, -1/19 HPs)
             Began as a Spriggan Enchanter on Oct 27, 2021.
             Slain by an orc wizard (2 damage)
             ... on level 3 of the Dungeon.
             The game lasted 00:02:32 (3747 turns).

kae the Sneak (Spriggan Enchanter)                  Turns: 3747, Time: 00:02:32

Health: -1/19      AC:  2    Str:  5    XL:     4   Next: 72%
Magic:  0/9        EV: 17    Int: 16    God:
Gold:   39         SH:  0    Dex: 15    Spells: 4/9 levels left

rFire   . . .      SeeInvis +   a - +1 dagger
rCold   . . .      Faith    .   (shield restricted)
rNeg    . . .      Spirit   .   b - +0 robe
rPois   .          Reflect  .   (helmet restricted)
rElec   .          Harm     .   (no cloak)
rCorr   .          Rampage  .   (gloves unavailable)
Will    .....                   (boots unavailable)
Stlth   +++.......              (no amulet)
HPRegen 0.06/turn               (no ring)
MPRegen 0.11/turn               (no ring)

@: very slightly contaminated, very quick
A: very small, no large weapons, unfitting armour, see invisible, speed 3,
talons 1, deterioration 1, frail 1, evolution 1
a: no special abilities


You were on level 3 of the Dungeon.
You visited 1 branch of the dungeon, and saw 3 of its levels.

You collected 94 gold pieces.
You spent 55 gold pieces at shops.

Inventory:

Hand Weapons
 a - a +1 dagger (weapon)
Armour
 b - a +0 robe (worn)
Scrolls
 e - a scroll of teleportation
 f - a scroll of blinking
 j - a scroll of amnesia
 l - a scroll of identify
 m - 2 scrolls of enchant armour {unknown}
 n - a scroll of immolation {unknown}
Potions
 c - a potion of invisibility
 d - 2 potions of flight
 g - a potion of cancellation
 i - 3 potions of degeneration
 k - a potion of mutation


   Skills:
 + Level 1.2 Fighting
 * Level 3.0 Short Blades
 + Level 3.3 Dodging
 + Level 5.0 Stealth
 + Level 3.2 Spellcasting
 + Level 4.2 Hexes


You had 4 spell levels left.
You knew the following spells:

 Your Spells              Type           Power      Damage    Failure   Level
a - Ensorcelled Hibernat  Hex/Ice        18%        N/A       12%         2
b - Confusing Touch       Hex            16%        N/A       10%         3

Your spell library contained the following spells:

 Spells                   Type           Power      Damage    Failure   Level
 Tukima's Dance           Hex            16%        N/A       10%         3
 Beastly Appendage        Tmut           4%         N/A       19%         1
 Dazzling Flash           Conj/Hex       18%        N/A       22%         3
 Sublimation of Blood     Necr           1%         N/A       28%         2
 Wereblood                Tmut           2%         N/A       28%         2
 Spider Form              Tmut/Pois      1%         N/A       50%         3
 Summon Hydra             Summ           1%         N/A       100%        7


Dungeon Overview and Level Annotations

Branches:
Dungeon (3/15)

Altars:

Shops:
D:3 ?


Innate Abilities, Weirdness & Mutations

You are very small and have problems with some larger weapons.
You are too small for most types of armour.
You have supernaturally acute eyesight. (SInv)
You cover ground extremely quickly. (Speed+++)
You have sharp toenails.
Your body sometimes deteriorates upon taking damage.
You are frail. (-10% HP)
You have hidden genetic potential.


Message History

You hit the orc wizard but do no damage.
The orc wizard is moderately wounded.
The orc wizard completely misses you.
Casting: Ensorcelled Hibernation (safe; 12% risk of failure)
Confirm with . or Enter, or press ? or * to list all spells.
You don't have enough magic to cast this spell.
You hit the orc wizard.
The orc wizard is moderately wounded.
You barely miss the orc wizard.
The orc wizard is moderately wounded.
The orc wizard barely misses you.
You barely miss the orc wizard.
The orc wizard is moderately wounded.
The orc wizard completely misses you.
You closely miss the orc wizard.
The orc wizard is moderately wounded.
The orc wizard hits you with a +0 dagger.
You hit the orc wizard.
The orc wizard is moderately wounded.
The orc wizard hits you with a +0 dagger.
* * * LOW HITPOINT WARNING * * *
Casting: Ensorcelled Hibernation (safe; 12% risk of failure)
Confirm with . or Enter, or press ? or * to list all spells.
Aiming: Ensorcelled Hibernation (safe; 12% risk of failure)
Press: ? - help, Shift-Dir - straight line, f/p - orc wizard
Aim: an orc wizard, wielding a +0 dagger and wearing a +0 robe (moderately wounded, slightly transparent, chance to affect: 40%)
You miscast Ensorcelled Hibernation.
You are very lightly contaminated with residual magic.
Nothing appears to happen.
The orc wizard hits you with a +0 dagger.
* * * LOW HITPOINT WARNING * * *
Casting: Ensorcelled Hibernation (safe; 12% risk of failure)
Confirm with . or Enter, or press ? or * to list all spells.
You don't have enough magic to cast this spell.
It was a potion of mutation.
You feel extremely strange.
You feel frail.
You feel a hidden potential growing inside you.
You feel yourself wasting away.
Your toenails lengthen and sharpen.
The orc wizard hits you with a +0 dagger.
You die...

#.....# #.# #.##...####
......)....# #.# #....#....#
..####..:..#.# #.# ####...##.# .#
#.....#.####)# ##.###.# .#
#.#..........# #...#.### .#
#.####..###.## #........ .# #.#
##..###.########...#.### .# ..
.....................###
.##.##.#o###.###@########..##....
..o...... #o# #.. #.#.. ######.#.
#.# #. #.#... #.. .. ##.#.. ##.
#.##. .# # ## .. # .# # #


You could see an orc wizard (invisible).

Vanquished Creatures
  An orc priest (D:2)
  An orc wizard (D:3)
  An adder (D:3)
  A worm (D:2)
  A dart slug (D:1)
  4 orcs (D:3)
  6 ball pythons
  3 bats
  3 endoplasms
  4 giant cockroaches
  6 goblins
  A hobgoblin (D:1)
  3 jackals (D:1)
  3 quokkas
  4 kobolds
  4 rats
46 creatures vanquished.

Notes
Turn   | Place    | Note
-------+----------+-------------------------------------------
     0 | D:1      | kae the Spriggan Enchanter began the quest for the Orb.
     0 | D:1      | Reached XP level 1. HP: 9/9 MP: 5/5
   643 | D:1      | Reached XP level 2. HP: 13/13 MP: 6/6
   839 | D:1      | Learned a level 2 spell: Ensorcelled Hibernation
  1409 | D:2      | Reached XP level 3. HP: 17/17 MP: 8/8
  2495 | D:3      | Learned a level 3 spell: Confusing Touch
  2497 | D:3      | Learned a level 1 spell: Beastly Appendage
  2869 | D:2      | Reached skill level 1 in Fighting
  2869 | D:2      | Reached XP level 4. HP: 20/22 MP: 2/9
  3018 | D:3      | Found Uxugg's Magic Scroll Emporium.
  3023 | D:3      | Bought a scroll of teleportation for 33 gold pieces
  3023 | D:3      | Bought a scroll of identify for 22 gold pieces
  3709 | D:3      | Reached skill level 5 in Stealth
  3746 | D:3      | HP: 1/22 [orc wizard (3)]
  3747 | D:3      | Gained mutation: You are frail. (-10% HP) [potion of
                  | mutation]
  3747 | D:3      | Gained mutation: You have hidden genetic potential. [potion
                  | of mutation]
  3747 | D:3      | Gained mutation: Your body sometimes deteriorates upon
                  | taking damage. [potion of mutation]
  3747 | D:3      | Gained mutation: You have sharp toenails. [potion of
                  | mutation]
  3747 | D:3      | Slain by an orc wizard

Illustrated notes

Levels and vault maps discovered:
D:1:      dpeg_arrival_more_subterranean_lakeside_camping, layout_basic
D:2:      layout_basic, corexii_leaking_fountain, chequers_serial_rivers_room_a
D:3:      layout_loops_ring, serial_shops, shop_statue,
          ebering_dispersal_statue_hall

Skill      XL: |  1  2  3  4 |
---------------+-------------+-----
Dodging        | 3 |  3.3
Short Blades   | 2 3 |  3.0
Spellcasting   | 3 |  3.2
Fighting       | 1 |  1.2
Hexes          | 4 |  4.2
Stealth        | 5 |  5.0

Action                   |  1- 3 |  4- 6 || total
-------------------------+-------+-------++-------
Melee: Dagger            |   123 |    30 ||   153
 Cast: Ensorcelled Hiber |    14 |    23 ||    37
  Use: Scroll            |     7 |       ||     7
       Potion            |       |     2 ||     2
 Stab: Sleeping          |    18 |     8 ||    26
Armor: Robe              |     7 |     1 ||     8
Dodge: Dodged            |    89 |    38 ||   127

Table legend: (Time is in decaauts)
 A = Elapsed time spent in this place.
 B = Non-inter-level travel time spent in this place.
 C = Inter-level travel time spent in this place.
 D = Time resting spent in this place.
 E = Time spent auto-exploring this place.
 F = Levels seen in this place.
 G = Mean time per level.
                   A        B        C        D        E       F      G
               +--------+--------+--------+--------+--------+-----+--------+
         Total |   2964 |   2896 |     68 |   1079 |   1368 |   3 |  988.0 |
       Dungeon |   2964 |   2896 |     68 |   1079 |   1368 |   3 |  988.0 |
               +--------+--------+--------+--------+--------+-----+--------+

Top non-repeatable levels by time:
     D:2: 1294 daAuts
     D:1: 1160 daAuts
     D:3: 509 daAuts
